Nordiques vs Oilers

Created - 21 novembre 2025 at 17:36

Goals
1 2 3 T
Nordiques 0 1 0 1
Oilers 0 3 2 5
Shots
1 2 3 T
Nordiques 7 18 13 38
Oilers 5 12 7 24

GoalsPenalties
1st period
No Goal
No Penalty
2nd period
1. Oilers , Mark Scheifele 7 (Drake Batherson 4, Jason Zucker 13) at 1:47
2. Nordiques , Marco Rossi 7 (Shayne Gostisbehere 3, Pius Suter 10) at 4:31 (PP)
3. Oilers , Drake Batherson 4 (Mark Scheifele 11, Jason Zucker 14) at 15:44
4. Oilers , Christian Dvorak 3 (Maxim Tsyplakov 1, John Carlson 7) at 16:33
Tim Stutzle (EDM) for Tripping (Minor) at 3:56
Shayne Gostisbehere (QUE) for Interference (Minor) at 8:22
Ilya Lyubushkin (EDM) for Cross-checking (Minor) at 11:37
3rd period
5. Oilers , Barrett Hayton 4 (Jake Middleton 4, Cutter Gauthier 8) at 17:19
6. Oilers , Jason Zucker 7 (Mark Scheifele 12, Drake Batherson 5) at 19:18
Nathan MacKinnon (EDM) for Tripping (Minor) at 3:14
Pius Suter (QUE) for Roughing (Minor) at 9:56
Goalie Stats
Dan Vladar (QUE), 19 saves from 24 shots - (0,792), L, 2-3-1, 60:00 minutes
Filip Gustavsson (EDM), 37 saves from 38 shots - (0,974), W, 6-4-3, 60:00 minutes
3 StarsOfficial
1 - Mark Scheifele (EDM)
2 - Jason Zucker (EDM)
3 - Drake Batherson (EDM)
Referees : Tom Chmielewski and Conor O'Donnell
Linesman : Jesse Marquis and Brendan Lewis
Game Note
No Game Note
Finance
Level 1 -- Attendance: 5107 (85,12%) -- Ticket Income $536,235
Level 2 -- Attendance: 4725 (94,50%) -- Ticket Income $307,125
Level 3 -- Attendance: 1845 (92,25%) -- Ticket Income $70,110
Level 4 -- Attendance: 4000 (100,00%) -- Ticket Income $92,000
Luxury Box -- Attendance: 990 (99,00%) -- Ticket Income $188,100
Game was played at the Edmonton Coliseum.
Total Attendance: 16667 (92,59%)
Total Ticket Income: $1,193,570
Other Income: $584,849
Total Income: $1,778,419



Team Name Goals Shots Shots Attemp Shots Blocked PIM HIT PP PK FO%
Nordiques 1386474201 / 3 (33%)046%
Oilers 5244866250 / 2 (0%)154%

Nordiques
Player Name POS G A P +/- PIM HIT SHT SB MP PP MP PP SHT PK MP PK SHT FO% FOT GA TA
000000000:000:0000:0000% 000
000000000:000:0000:0000% 000
Alex NewhookC/LW000-1012013:310:0000:0000% 010
Alexander WennbergC/LW/RW000-1006016:000:0402:05050% 810
Brent BurnsRW/D000-3000221:352:1802:0100% 001
Chris KreiderC/LW/RW000-1010016:362:1701:4200% 100
Cole SmithLW000-1012012:340:0000:0000% 100
Kirby DachC/RW000-1024013:500:0300:1100% 010
Lucas RaymondLW/RW000-2012114:592:1300:2300% 100
Marco RossiC101-1025114:412:1710:00042% 1200
Martin FehervaryD000-3022120:502:1501:5700% 000
Mattias EkholmD000-1001018:520:0002:0100% 011
Peyton KrebsC/LW000-1013013:280:0000:49040% 500
Philippe MyersD000-1030116:280:0000:0000% 001
Pius SuterC/LW/RW011-1201015:512:1701:0400% 010
Sebastian AhoC/LW/RW000-2004016:332:1301:42056% 1610
Shayne GostisbehereD011-1221020:302:1800:0000% 000
Travis SanheimD000-1012121:552:1501:5700% 001
Tyson FoersterC/RW000-2011014:252:1200:0000% 000
Vasily PodkolzinRW000-1022012:370:0300:00050% 210
Oilers
Player Name POS G A P +/- PIM HIT SHT SB MP PP MP PP SHT PK MP PK SHT FO% FOT GA TA
000000000:000:0000:0000% 000
000000000:000:0000:0000% 000
Barrett HaytonC/LW1011013014:100:0001:54060% 500
Christian DvorakC/LW1011012011:450:0002:33033% 300
Connor BrownLW/RW0001001011:390:0002:3300% 000
Cutter GauthierC/LW0111020012:130:0000:0000% 010
Dante FabbroD0000010018:301:1200:3200% 010
Drake BathersonC/RW1233024017:061:4900:0000% 200
Ilya LyubushkinD0001200017:080:0001:0400% 001
Jake MiddletonD0114031221:140:0002:2300% 001
Jason ZuckerLW/RW1233022017:011:4900:00050% 201
John CarlsonD0114010024:142:4602:2300% 001
Mark ScheifeleC/RW1233033117:101:4900:00067% 901
Maxim TsyplakovLW/RW011100109:000:0000:0000% 000
Nathan MacKinnonC/RW0000212016:512:0900:00058% 2410
Oliver BjorkstrandLW/RW0001000012:420:0000:2000% 100
Philip BrobergD0001001119:112:4600:3400% 000
Rickard RakellLW/RW0000031016:472:0900:0000% 001
Simon EdvinssonD0000022220:031:1202:1000% 000
Tim StutzleC/LW0000231018:402:0901:4610% 011

Nordiques

5 vs 5 Forward
Line #Left WingCenterRight WingPHYDFOFWanted %Time %Time Play
1Lucas RaymondSebastian AhoTyson Foerster0322524%12:36
2Pius SuterMarco RossiChris Kreider0322525%12:39
3Alex NewhookAlexander WennbergKirby Dach0322527%13:40
4Cole SmithPeyton KrebsVasily Podkolzin0322524%12:34
5 vs 5 Defense
Line #DefenseDefensePHYDFOFWanted %Time %Time Play
1Shayne GostisbehereTravis Sanheim0323434%17:21
2Martin FehervaryBrent Burns0323332%16:36
3Philippe MyersMattias Ekholm0323332%16:20
4Shayne GostisbehereTravis Sanheim03202%1:12
Power Play Forward
Line #Left WingCenterRight WingPHYDFOFWanted %Time %Time Play
1Lucas RaymondSebastian AhoTyson Foerster1225050%2:16
2Pius SuterMarco RossiChris Kreider1225050%2:17
Power Play Defense
Line #DefenseDefensePHYDFOFWanted %Time %Time Play
1Shayne GostisbehereBrent Burns1225051%2:18
2Martin FehervaryTravis Sanheim1225049%2:15
Penalty Kill 4 Players Forward
Line #CenterWingPHYDFOFWanted %Time %Time Play
1Alexander WennbergPius Suter1225057%2:16
2Sebastian AhoChris Kreider1225043%1:42
Penalty Kill 4 Players Defense
Line #DefenseDefensePHYDFOFWanted %Time %Time Play
1Martin FehervaryTravis Sanheim1225049%1:57
2Brent BurnsMattias Ekholm1225051%2:01
Penalty Kill 3 Players
Line #WingPHYDFOFWanted %Time %Time PlayDefenseDefensePHYDFOFWanted %Time %Time Play
1Alexander Wennberg122500%0:00 Martin FehervaryTravis Sanheim122500%0:00
2Sebastian Aho122500%0:00 Brent BurnsMattias Ekholm122500%0:00
4 vs 4 Forward
Line #CenterWingPHYDFOFWanted %Time %Time Play
1Sebastian AhoLucas Raymond032500%0:00
2Marco RossiChris Kreider032500%0:00
4 vs 4 Defense
Line #DefensePHYDFOFWanted %Time %Time Play
1Shayne GostisbehereTravis Sanheim032500%0:00
2Martin FehervaryBrent Burns032500%0:00
Last Minutes Offensive
Left WingCenterRight WingDefenseDefense
Lucas RaymondSebastian AhoChris KreiderShayne GostisbehereTravis Sanheim
Last Minutes Defensive
Left WingCenterRight WingDefenseDefense
Pius SuterAlexander WennbergChris KreiderMartin FehervaryTravis Sanheim
Time
Total ForwardTotal DefenseLast Minutes OffensiveLast Minutes Defensive
60:00 60:00 0:000:00
Extra Forwards
Normal PowerPlayPenalty Kill
Sebastian Aho, Lucas Raymond, Chris KreiderAlexander Wennberg, Kirby DachPeyton Krebs
Extra Defensemen
Normal PowerPlayPenalty Kill
Travis Sanheim, Martin Fehervary, Brent BurnsMartin Fehervary, Shayne GostisbeherePhilippe Myers
Penalty Shots
Alexander Wennberg, Kirby Dach, Brent Burns, Chris Kreider, Pius Suter
Goalie
Dan Vladar, Semyon Varlamov
Custom OT Lines Forwards
Sebastian Aho, Lucas Raymond, Marco Rossi, Chris Kreider, Alexander Wennberg, Pius Suter, Peyton Krebs, Tyson Foerster, Kirby Dach, Alex Newhook
Custom OT Lines Defensemen
Shayne Gostisbehere, Travis Sanheim, Brent Burns, Mattias Ekholm, Martin Fehervary
Scratches
Nils Hoglander (Healthy), Devin Cooley (Healthy)

Oilers

5 vs 5 Forward
Line #Left WingCenterRight WingPHYDFOFWanted %Time %Time Play
1Tim StutzleNathan MacKinnonRickard Rakell0053629%14:55
2Jason ZuckerMark ScheifeleDrake Batherson0053430%15:21
3Cutter GauthierBarrett HaytonOliver Bjorkstrand0232424%12:13
4Maxim TsyplakovChristian DvorakConnor Brown122617%9:00
5 vs 5 Defense
Line #DefenseDefensePHYDFOFWanted %Time %Time Play
1Jake MiddletonJohn Carlson1313837%18:51
2Philip BrobergIlya Lyubushkin1313233%17:02
3Simon EdvinssonDante Fabbro1313030%15:22
4John CarlsonDante Fabbro12200%0:14
Power Play Forward
Line #Left WingCenterRight WingPHYDFOFWanted %Time %Time Play
1Tim StutzleNathan MacKinnonRickard Rakell0056054%2:09
2Jason ZuckerMark ScheifeleDrake Batherson0054046%1:49
Power Play Defense
Line #DefenseDefensePHYDFOFWanted %Time %Time Play
1Philip BrobergJohn Carlson0056070%2:46
2Simon EdvinssonDante Fabbro0054030%1:12
Penalty Kill 4 Players Forward
Line #CenterWingPHYDFOFWanted %Time %Time Play
1Christian DvorakConnor Brown0505056%2:33
2Barrett HaytonTim Stutzle0505044%2:00
Penalty Kill 4 Players Defense
Line #DefenseDefensePHYDFOFWanted %Time %Time Play
1Jake MiddletonJohn Carlson1405052%2:23
2Simon EdvinssonIlya Lyubushkin1405048%2:10
Penalty Kill 3 Players
Line #WingPHYDFOFWanted %Time %Time PlayDefenseDefensePHYDFOFWanted %Time %Time Play
1Christian Dvorak050500%0:00 Jake MiddletonJohn Carlson140500%0:00
2Barrett Hayton050500%0:00 Simon EdvinssonIlya Lyubushkin140500%0:00
4 vs 4 Forward
Line #CenterWingPHYDFOFWanted %Time %Time Play
1Nathan MacKinnonTim Stutzle023500%0:00
2Mark ScheifeleRickard Rakell023500%0:00
4 vs 4 Defense
Line #DefensePHYDFOFWanted %Time %Time Play
1Jake MiddletonJohn Carlson131500%0:00
2Simon EdvinssonPhilip Broberg131500%0:00
Last Minutes Offensive
Left WingCenterRight WingDefenseDefense
Tim StutzleNathan MacKinnonMark ScheifelePhilip BrobergJohn Carlson
Last Minutes Defensive
Left WingCenterRight WingDefenseDefense
Barrett HaytonChristian DvorakConnor BrownJake MiddletonJohn Carlson
Time
Total ForwardTotal DefenseLast Minutes OffensiveLast Minutes Defensive
60:00 60:00 0:000:00
Extra Forwards
Normal PowerPlayPenalty Kill
Nathan MacKinnon, Mark Scheifele, Barrett HaytonBarrett Hayton, Oliver BjorkstrandOliver Bjorkstrand
Extra Defensemen
Normal PowerPlayPenalty Kill
John Carlson, Philip Broberg, Simon EdvinssonJake Middleton, Philip BrobergDante Fabbro
Penalty Shots
Tim Stutzle, Nathan MacKinnon, Rickard Rakell, Mark Scheifele, Drake Batherson
Goalie
Filip Gustavsson, Scott Wedgewood
Custom OT Lines Forwards
Nathan MacKinnon, Rickard Rakell, Tim Stutzle, Drake Batherson, Mark Scheifele, Jason Zucker, Barrett Hayton, Oliver Bjorkstrand, Christian Dvorak, Cutter Gauthier
Custom OT Lines Defensemen
John Carlson, Jake Middleton, Philip Broberg, Simon Edvinsson, Dante Fabbro
Scratches
Darren Raddysh (Healthy), Paul Cotter (Healthy), Jiri Kulich (Healthy)


Play-by-Play

1st period


0:01 of 1st period - Sebastian Aho wins face-off versus Nathan MacKinnon in neutral zone.
0:03 of 1st period - Off-side.
0:04 of 1st period - Sebastian Aho wins face-off versus Nathan MacKinnon in neutral zone.
1:01 of 1st period - Snap shot by Alexander Wennberg.
1:01 of 1st period - Shot Misses the Net.
1:05 of 1st period - Snap shot by Alexander Wennberg.
1:05 of 1st period - Stopped by Filip Gustavsson with a rebound.
1:37 of 1st period - Rickard Rakell is hit by Lucas Raymond and loses puck.
1:46 of 1st period - Snap shot by Dante Fabbro.
1:46 of 1st period - Shot Misses the Net.
1:48 of 1st period - Slapshot by Simon Edvinsson.
1:48 of 1st period - Deflect By Tyson Foerster.
1:48 of 1st period - Stopped by Dan Vladar with a rebound.
1:58 of 1st period - Slapshot by Jason Zucker.
1:58 of 1st period - Shot Blocked by Lucas Raymond.
2:02 of 1st period - Wrist shot by Drake Batherson.
2:02 of 1st period - Stopped by Dan Vladar with a rebound.
2:04 of 1st period - Slapshot by Jake Middleton.
2:04 of 1st period - Deflect By Mark Scheifele.
2:04 of 1st period - Shot Hit the Post.
2:04 of 1st period - Puck is out of play.
2:05 of 1st period - Mark Scheifele wins face-off versus Alexander Wennberg in Nordiques zone.
3:34 of 1st period - Snap shot by Alexander Wennberg.
3:34 of 1st period - Shot Misses the Net.
3:55 of 1st period - Off-side.
3:56 of 1st period - Alexander Wennberg wins face-off versus Christian Dvorak in neutral zone.
4:21 of 1st period - Philip Broberg is hit by Philippe Myers.
4:43 of 1st period - Wrist shot by Alexander Wennberg.
4:43 of 1st period - Stopped by Filip Gustavsson with a rebound.
4:45 of 1st period - Slapshot by Brent Burns.
4:45 of 1st period - Shot Misses the Net.
4:57 of 1st period - Ilya Lyubushkin is hit by Philippe Myers and loses puck.
5:10 of 1st period - Wrist shot by Maxim Tsyplakov.
5:10 of 1st period - Shot Misses the Net.
5:37 of 1st period - Snap shot by Maxim Tsyplakov.
5:37 of 1st period - Stopped by Dan Vladar with a rebound.
6:14 of 1st period - Snap shot by Alexander Wennberg.
6:14 of 1st period - Shot Misses the Net.
6:38 of 1st period - Wrist shot by Maxim Tsyplakov.
6:38 of 1st period - Shot Blocked by Martin Fehervary.
7:12 of 1st period - Wrist shot by Christian Dvorak.
7:12 of 1st period - Stopped by Dan Vladar with a rebound.
7:48 of 1st period - Snap shot by Kirby Dach.
7:48 of 1st period - Stopped by Filip Gustavsson with a rebound.
7:50 of 1st period - Slapshot by Martin Fehervary.
7:50 of 1st period - Shot Blocked by Jake Middleton.
8:06 of 1st period - Wrist shot by Kirby Dach.
8:06 of 1st period - Shot Misses the Net.
8:08 of 1st period - Wrist shot by Alexander Wennberg.
8:08 of 1st period - Stopped by Filip Gustavsson without a rebound.
8:09 of 1st period - Marco Rossi wins face-off versus Nathan MacKinnon in Oilers zone.
8:51 of 1st period - Slapshot by Mark Scheifele.
8:51 of 1st period - Stopped by Dan Vladar without a rebound.
8:52 of 1st period - Sebastian Aho wins face-off versus Drake Batherson in Nordiques zone.
8:57 of 1st period - Slapshot by Sebastian Aho.
8:57 of 1st period - Stopped by Filip Gustavsson with a rebound.
9:21 of 1st period - Philippe Myers is hit by Rickard Rakell and loses puck.
10:02 of 1st period - Snap shot by Peyton Krebs.
10:02 of 1st period - Shot Misses the Net.
10:04 of 1st period - Wrist shot by Peyton Krebs.
10:04 of 1st period - Stopped by Filip Gustavsson with a rebound.
10:56 of 1st period - Philippe Myers is hit by John Carlson and loses puck.
11:14 of 1st period - Travis Sanheim is hit by Rickard Rakell and loses puck.
11:21 of 1st period - Jake Middleton is hit by Cole Smith.
11:39 of 1st period - Cutter Gauthier is hit by Marco Rossi and loses puck.
11:58 of 1st period - Tim Stutzle is hit by Tyson Foerster and loses puck.
12:03 of 1st period - Slapshot by Sebastian Aho.
12:03 of 1st period - Stopped by Filip Gustavsson with a rebound.
12:25 of 1st period - Mattias Ekholm is hit by Barrett Hayton and loses puck.
13:44 of 1st period - Tim Stutzle is hit by Shayne Gostisbehere and loses puck.
15:09 of 1st period - Sebastian Aho is hit by Tim Stutzle and loses puck.
18:36 of 1st period - Connor Brown is hit by Martin Fehervary and loses puck.
Goals for this period are 0 for Nordiques vs 0 for Oilers.
Shots for this period are 7 for Nordiques vs 5 for Oilers.

2nd period


0:01 of 2nd period - Marco Rossi wins face-off versus Nathan MacKinnon in neutral zone.
0:04 of 2nd period - Snap shot by Pius Suter.
0:04 of 2nd period - Stopped by Filip Gustavsson with a rebound.
0:12 of 2nd period - Wrist shot by Nathan MacKinnon.
0:12 of 2nd period - Stopped by Dan Vladar with a rebound.
0:14 of 2nd period - Slapshot by Ilya Lyubushkin.
0:14 of 2nd period - Shot Blocked by Marco Rossi.
0:16 of 2nd period - Snap shot by Tim Stutzle.
0:16 of 2nd period - Shot Blocked by Travis Sanheim.
0:26 of 2nd period - Marco Rossi is hit by Cutter Gauthier and loses puck.
1:05 of 2nd period - Snap shot by Vasily Podkolzin.
1:05 of 2nd period - Stopped by Filip Gustavsson with a rebound.
1:17 of 2nd period - Wrist shot by Cole Smith.
1:17 of 2nd period - Stopped by Filip Gustavsson without a rebound.
1:18 of 2nd period - Sebastian Aho wins face-off versus Nathan MacKinnon in Oilers zone.
1:19 of 2nd period - Wrist shot by Lucas Raymond.
1:19 of 2nd period - Deflect By Sebastian Aho.
1:19 of 2nd period - Shot Blocked by Jake Middleton.
1:19 of 2nd period - Puck is out of play.
1:20 of 2nd period - Sebastian Aho wins face-off versus Nathan MacKinnon in Oilers zone.
1:23 of 2nd period - Snap shot by Lucas Raymond.
1:23 of 2nd period - Stopped by Filip Gustavsson without a rebound.
1:24 of 2nd period - Nathan MacKinnon wins face-off versus Sebastian Aho in Oilers zone.
1:29 of 2nd period - Wrist shot by Nathan MacKinnon.
1:29 of 2nd period - Shot Misses the Net.
1:33 of 2nd period - Slapshot by Rickard Rakell.
1:33 of 2nd period - Stopped by Dan Vladar with a rebound.
1:35 of 2nd period - Slapshot by Philip Broberg.
1:35 of 2nd period - Stopped by Dan Vladar without a rebound.
1:36 of 2nd period - Mark Scheifele wins face-off versus Vasily Podkolzin in Nordiques zone.
1:47 of 2nd period - Snap shot by Mark Scheifele.
1:47 of 2nd period - Goal by Mark Scheifele - Nordiques : 0 - Oilers : 1.
1:48 of 2nd period - Nathan MacKinnon wins face-off versus Peyton Krebs in neutral zone.
1:51 of 2nd period - Shayne Gostisbehere is hit by Tim Stutzle and loses puck.
2:25 of 2nd period - Snap shot by Marco Rossi.
2:25 of 2nd period - Stopped by Filip Gustavsson with a rebound.
2:41 of 2nd period - Sebastian Aho is hit by Cutter Gauthier and loses puck.
2:46 of 2nd period - Snap shot by Cutter Gauthier.
2:46 of 2nd period - Shot Misses the Net.
2:48 of 2nd period - Slapshot by Simon Edvinsson.
2:48 of 2nd period - Stopped by Dan Vladar with a rebound.
3:02 of 2nd period - Snap shot by Alexander Wennberg.
3:02 of 2nd period - Stopped by Filip Gustavsson with a rebound.
3:04 of 2nd period - Slapshot by Philippe Myers.
3:04 of 2nd period - Shot Blocked by Simon Edvinsson.
3:06 of 2nd period - Slapshot by Mattias Ekholm.
3:06 of 2nd period - Deflect By Nathan MacKinnon.
3:06 of 2nd period - Stopped by Filip Gustavsson without a rebound.
3:07 of 2nd period - Peyton Krebs wins face-off versus Mark Scheifele in Oilers zone.
3:14 of 2nd period - Wrist shot by Peyton Krebs.
3:14 of 2nd period - Stopped by Filip Gustavsson without a rebound.
3:15 of 2nd period - Peyton Krebs wins face-off versus Mark Scheifele in Oilers zone.
3:24 of 2nd period - Wrist shot by Vasily Podkolzin.
3:24 of 2nd period - Shot Misses the Net.
3:28 of 2nd period - Slapshot by Cole Smith.
3:28 of 2nd period - Stopped by Filip Gustavsson with a rebound.
3:30 of 2nd period - Wrist shot by Cole Smith.
3:30 of 2nd period - Shot Blocked by Mark Scheifele.
3:56 of 2nd period - Minor Penalty to Tim Stutzle for Tripping.
3:57 of 2nd period - Christian Dvorak wins face-off versus Sebastian Aho in Oilers zone.
4:22 of 2nd period - Pius Suter is hit by Jake Middleton and loses puck.
4:29 of 2nd period - Slapshot by Shayne Gostisbehere.
4:29 of 2nd period - Shot Misses the Net.
4:31 of 2nd period - Snap shot by Marco Rossi.
4:31 of 2nd period - Deflect By John Carlson.
4:31 of 2nd period - Goal by Marco Rossi - Nordiques : 1 - Oilers : 1.
4:32 of 2nd period - Nathan MacKinnon wins face-off versus Marco Rossi in neutral zone.
4:42 of 2nd period - Snap shot by Nathan MacKinnon.
4:42 of 2nd period - Shot Misses the Net.
4:44 of 2nd period - Slapshot by Jake Middleton.
4:44 of 2nd period - Shot Misses the Net.
4:46 of 2nd period - Snap shot by Nathan MacKinnon.
4:46 of 2nd period - Shot Hit the Post.
4:48 of 2nd period - Wrist shot by John Carlson.
4:48 of 2nd period - Shot Misses the Net.
6:25 of 2nd period - Wrist shot by Cole Smith.
6:25 of 2nd period - Shot Misses the Net.
6:27 of 2nd period - Slapshot by Brent Burns.
6:27 of 2nd period - Shot Misses the Net.
6:42 of 2nd period - Wrist shot by Lucas Raymond.
6:42 of 2nd period - Stopped by Filip Gustavsson with a rebound.
6:44 of 2nd period - Wrist shot by Mattias Ekholm.
6:44 of 2nd period - Shot Blocked by Philip Broberg.
7:27 of 2nd period - Snap shot by Marco Rossi.
7:27 of 2nd period - Stopped by Filip Gustavsson without a rebound.
7:28 of 2nd period - Nathan MacKinnon wins face-off versus Peyton Krebs in Oilers zone.
7:32 of 2nd period - Off-side.
7:33 of 2nd period - Nathan MacKinnon wins face-off versus Cole Smith in neutral zone.
7:36 of 2nd period - Brent Burns is hit by Tim Stutzle and loses puck.
7:59 of 2nd period - Wrist shot by Tyson Foerster.
7:59 of 2nd period - Stopped by Filip Gustavsson with a rebound.
8:05 of 2nd period - Snap shot by Sebastian Aho.
8:05 of 2nd period - Stopped by Filip Gustavsson without a rebound.
8:06 of 2nd period - Mark Scheifele wins face-off versus Marco Rossi in Oilers zone.
8:13 of 2nd period - Wrist shot by Drake Batherson.
8:13 of 2nd period - Shot Misses the Net.
8:15 of 2nd period - Slapshot by Jason Zucker.
8:15 of 2nd period - Stopped by Dan Vladar without a rebound.
8:16 of 2nd period - Jason Zucker wins face-off versus Chris Kreider in Nordiques zone.
8:19 of 2nd period - Snap shot by Jason Zucker.
8:19 of 2nd period - Deflect By Mark Scheifele.
8:19 of 2nd period - Stopped by Dan Vladar without a rebound.
8:20 of 2nd period - Sebastian Aho wins face-off versus Nathan MacKinnon in Nordiques zone.
8:22 of 2nd period - Minor Penalty to Shayne Gostisbehere for Interference.
8:23 of 2nd period - Nathan MacKinnon wins face-off versus Alexander Wennberg in Nordiques zone.
8:49 of 2nd period - Travis Sanheim is hit by Drake Batherson and loses puck.
9:09 of 2nd period - Off-side.
9:10 of 2nd period - Nathan MacKinnon wins face-off versus Alexander Wennberg in neutral zone.
10:22 of 2nd period - Penalty to Shayne Gostisbehere is over, Shayne Gostisbehere is back on ice.
10:28 of 2nd period - Slapshot by Chris Kreider.
10:28 of 2nd period - Shot Misses the Net.
10:30 of 2nd period - Snap shot by Travis Sanheim.
10:30 of 2nd period - Stopped by Filip Gustavsson without a rebound.
10:31 of 2nd period - Vasily Podkolzin wins face-off versus Barrett Hayton in Oilers zone.
10:36 of 2nd period - Snap shot by Peyton Krebs.
10:36 of 2nd period - Stopped by Filip Gustavsson with a rebound.
10:47 of 2nd period - Snap shot by Barrett Hayton.
10:47 of 2nd period - Stopped by Dan Vladar with a rebound.
11:09 of 2nd period - Mattias Ekholm is hit by Mark Scheifele and loses puck.
11:37 of 2nd period - Minor Penalty to Ilya Lyubushkin for Cross-checking.
11:38 of 2nd period - Barrett Hayton wins face-off versus Marco Rossi in Oilers zone.
11:52 of 2nd period - Pius Suter is hit by Jake Middleton and loses puck.
12:13 of 2nd period - Wrist shot by Sebastian Aho.
12:13 of 2nd period - Shot Misses the Net.
13:37 of 2nd period - Penalty to Ilya Lyubushkin is over, Ilya Lyubushkin is back on ice.
13:50 of 2nd period - Jake Middleton is hit by Vasily Podkolzin and loses puck.
14:14 of 2nd period - Tim Stutzle is hit by Kirby Dach and loses puck.
14:42 of 2nd period - Icing by Travis Sanheim.
14:43 of 2nd period - Alexander Wennberg wins face-off versus Mark Scheifele in Nordiques zone.
14:43 of 2nd period - Alexander Wennberg is hit by Mark Scheifele.
15:44 of 2nd period - Snap shot by Drake Batherson.
15:44 of 2nd period - Goal by Drake Batherson - Nordiques : 1 - Oilers : 2.
15:45 of 2nd period - Nathan MacKinnon wins face-off versus Marco Rossi in neutral zone.
15:50 of 2nd period - Backhand shot by Tim Stutzle.
15:50 of 2nd period - Shot Misses the Net.
16:10 of 2nd period - Jake Middleton is hit by Peyton Krebs and loses puck.
16:19 of 2nd period - Slapshot by Vasily Podkolzin.
16:19 of 2nd period - Stopped by Filip Gustavsson with a rebound.
16:33 of 2nd period - Slapshot by Christian Dvorak.
16:33 of 2nd period - Goal by Christian Dvorak - Nordiques : 1 - Oilers : 3.
16:34 of 2nd period - Nathan MacKinnon wins face-off versus Marco Rossi in neutral zone.
17:27 of 2nd period - Barrett Hayton is hit by Travis Sanheim.
17:43 of 2nd period - Travis Sanheim is hit by Nathan MacKinnon and loses puck.
17:48 of 2nd period - Snap shot by Nathan MacKinnon.
17:48 of 2nd period - Stopped by Dan Vladar with a rebound.
17:50 of 2nd period - Snap shot by Jake Middleton.
17:50 of 2nd period - Deflect By Shayne Gostisbehere.
17:50 of 2nd period - Stopped by Dan Vladar with a rebound.
18:04 of 2nd period - Peyton Krebs is hit by Christian Dvorak.
18:32 of 2nd period - Snap shot by Marco Rossi.
18:32 of 2nd period - Stopped by Filip Gustavsson without a rebound.
18:33 of 2nd period - Nathan MacKinnon wins face-off versus Lucas Raymond in Oilers zone.
19:44 of 2nd period - Vasily Podkolzin is hit by Dante Fabbro and loses puck.
Goals for this period are 1 for Nordiques vs 3 for Oilers.
Shots for this period are 18 for Nordiques vs 12 for Oilers.

3rd period


0:01 of 3rd period - Marco Rossi wins face-off versus Nathan MacKinnon in neutral zone.
0:03 of 3rd period - Brent Burns is hit by Jake Middleton and loses puck.
0:06 of 3rd period - Slapshot by Martin Fehervary.
0:06 of 3rd period - Stopped by Filip Gustavsson with a rebound.
0:08 of 3rd period - Slapshot by Pius Suter.
0:08 of 3rd period - Shot Hit the Post.
0:26 of 3rd period - Martin Fehervary is hit by Drake Batherson and loses puck.
0:39 of 3rd period - Slapshot by Drake Batherson.
0:39 of 3rd period - Stopped by Dan Vladar with a rebound.
0:49 of 3rd period - Snap shot by Kirby Dach.
0:49 of 3rd period - Shot Misses the Net.
1:53 of 3rd period - Icing by Cole Smith.
1:54 of 3rd period - Mark Scheifele wins face-off versus Peyton Krebs in Nordiques zone.
1:57 of 3rd period - Slapshot by Mark Scheifele.
1:57 of 3rd period - Shot Misses the Net.
2:01 of 3rd period - Slapshot by Drake Batherson.
2:01 of 3rd period - Shot Blocked by Philippe Myers.
2:33 of 3rd period - Wrist shot by Kirby Dach.
2:33 of 3rd period - Stopped by Filip Gustavsson with a rebound.
3:11 of 3rd period - Snap shot by Sebastian Aho.
3:11 of 3rd period - Stopped by Filip Gustavsson without a rebound.
3:12 of 3rd period - Nathan MacKinnon wins face-off versus Alexander Wennberg in Oilers zone.
3:14 of 3rd period - Minor Penalty to Nathan MacKinnon for Tripping.
3:15 of 3rd period - Barrett Hayton wins face-off versus Marco Rossi in Oilers zone.
3:41 of 3rd period - Lucas Raymond is hit by Simon Edvinsson and loses puck.
3:50 of 3rd period - Snap shot by Tim Stutzle.
3:50 of 3rd period - Stopped by Dan Vladar with a rebound.
5:14 of 3rd period - Penalty to Nathan MacKinnon is over, Nathan MacKinnon is back on ice.
5:14 of 3rd period - Simon Edvinsson is hit by Shayne Gostisbehere and loses puck.
5:25 of 3rd period - Drake Batherson is hit by Alex Newhook and loses puck.
5:34 of 3rd period - Snap shot by Jason Zucker.
5:34 of 3rd period - Deflect By Drake Batherson.
5:34 of 3rd period - Stopped by Dan Vladar with a rebound.
5:36 of 3rd period - Slapshot by Drake Batherson.
5:36 of 3rd period - Shot Misses the Net.
6:24 of 3rd period - Shayne Gostisbehere is hit by Mark Scheifele.
6:52 of 3rd period - Pius Suter is hit by Jason Zucker and loses puck.
8:25 of 3rd period - Kirby Dach is hit by Simon Edvinsson and loses puck.
9:16 of 3rd period - Slapshot by Kirby Dach.
9:16 of 3rd period - Stopped by Filip Gustavsson with a rebound.
9:18 of 3rd period - Slapshot by Travis Sanheim.
9:18 of 3rd period - Stopped by Filip Gustavsson without a rebound.
9:19 of 3rd period - Mark Scheifele wins face-off versus Sebastian Aho in Oilers zone.
9:27 of 3rd period - Icing by Mark Scheifele.
9:28 of 3rd period - Mark Scheifele wins face-off versus Sebastian Aho in Oilers zone.
9:33 of 3rd period - Snap shot by Sebastian Aho.
9:33 of 3rd period - Shot Misses the Net.
9:35 of 3rd period - Wrist shot by Lucas Raymond.
9:35 of 3rd period - Shot Misses the Net.
9:40 of 3rd period - Icing by Ilya Lyubushkin.
9:41 of 3rd period - Marco Rossi wins face-off versus Jason Zucker in Oilers zone.
9:46 of 3rd period - Wrist shot by Marco Rossi.
9:46 of 3rd period - Stopped by Filip Gustavsson without a rebound.
9:47 of 3rd period - Nathan MacKinnon wins face-off versus Marco Rossi in Oilers zone.
9:47 of 3rd period - Nathan MacKinnon is hit by Martin Fehervary.
9:56 of 3rd period - Minor Penalty to Pius Suter for Roughing.
9:57 of 3rd period - Nathan MacKinnon wins face-off versus Sebastian Aho in Nordiques zone.
10:23 of 3rd period - Philip Broberg is hit by Chris Kreider and loses puck.
11:56 of 3rd period - Penalty to Pius Suter is over, Pius Suter is back on ice.
12:02 of 3rd period - Chris Kreider is hit by Rickard Rakell and loses puck.
12:36 of 3rd period - Snap shot by Maxim Tsyplakov.
12:36 of 3rd period - Deflect By Christian Dvorak.
12:36 of 3rd period - Shot Misses the Net.
12:36 of 3rd period - Puck is out of play.
12:37 of 3rd period - Barrett Hayton wins face-off versus Sebastian Aho in Nordiques zone.
12:46 of 3rd period - Slapshot by Barrett Hayton.
12:46 of 3rd period - Stopped by Dan Vladar with a rebound.
13:09 of 3rd period - Chris Kreider is hit by Jason Zucker and loses puck.
13:20 of 3rd period - Christian Dvorak is hit by Vasily Podkolzin and loses puck.
13:29 of 3rd period - Wrist shot by Connor Brown.
13:29 of 3rd period - Stopped by Dan Vladar with a rebound.
13:51 of 3rd period - Wrist shot by Alexander Wennberg.
13:51 of 3rd period - Stopped by Filip Gustavsson without a rebound.
13:52 of 3rd period - Sebastian Aho wins face-off versus Nathan MacKinnon in Oilers zone.
15:00 of 3rd period - Off-side.
15:01 of 3rd period - Alexander Wennberg wins face-off versus Christian Dvorak in neutral zone.
15:06 of 3rd period - Wrist shot by Alexander Wennberg.
15:06 of 3rd period - Shot Misses the Net.
16:16 of 3rd period - Jason Zucker is hit by Philippe Myers and loses puck.
16:31 of 3rd period - Snap shot by Alex Newhook.
16:31 of 3rd period - Stopped by Filip Gustavsson without a rebound.
16:32 of 3rd period - Alexander Wennberg wins face-off versus Barrett Hayton in Oilers zone.
16:33 of 3rd period - Slapshot by Alex Newhook.
16:33 of 3rd period - Stopped by Filip Gustavsson with a rebound.
17:13 of 3rd period - Snap shot by Cutter Gauthier.
17:13 of 3rd period - Shot Misses the Net.
17:15 of 3rd period - Snap shot by Barrett Hayton.
17:15 of 3rd period - Shot Misses the Net.
17:17 of 3rd period - Slapshot by Jake Middleton.
17:17 of 3rd period - Shot Blocked by Brent Burns.
17:19 of 3rd period - Slapshot by Barrett Hayton.
17:19 of 3rd period - Goal by Barrett Hayton - Nordiques : 1 - Oilers : 4.
17:20 of 3rd period - Nathan MacKinnon wins face-off versus Sebastian Aho in neutral zone.
17:59 of 3rd period - Slapshot by Peyton Krebs.
17:59 of 3rd period - Shot Misses the Net.
18:09 of 3rd period - Tim Stutzle is hit by Kirby Dach and loses puck.
18:18 of 3rd period - Snap shot by Kirby Dach.
18:18 of 3rd period - Stopped by Filip Gustavsson with a rebound.
18:20 of 3rd period - Wrist shot by Alex Newhook.
18:20 of 3rd period - Deflect By Alexander Wennberg.
18:20 of 3rd period - Stopped by Filip Gustavsson with a rebound.
18:22 of 3rd period - Wrist shot by Alexander Wennberg.
18:22 of 3rd period - Shot Misses the Net.
18:32 of 3rd period - Jason Zucker is hit by Marco Rossi and loses puck.
18:39 of 3rd period - Snap shot by Marco Rossi.
18:39 of 3rd period - Shot Blocked by Simon Edvinsson.
18:41 of 3rd period - Snap shot by Martin Fehervary.
18:41 of 3rd period - Stopped by Filip Gustavsson without a rebound.
18:42 of 3rd period - Sebastian Aho wins face-off versus Oliver Bjorkstrand in Oilers zone.
18:45 of 3rd period - Snap shot by Sebastian Aho.
18:45 of 3rd period - Shot Misses the Net.
18:57 of 3rd period - Wrist shot by Barrett Hayton.
18:57 of 3rd period - Shot Misses the Net.
19:16 of 3rd period - Wrist shot by Jason Zucker.
19:16 of 3rd period - Shot Blocked by Brent Burns.
19:18 of 3rd period - Slapshot by Jason Zucker.
19:18 of 3rd period - Goal by Jason Zucker - Nordiques : 1 - Oilers : 5.
19:19 of 3rd period - Sebastian Aho wins face-off versus Nathan MacKinnon in neutral zone.
19:50 of 3rd period - Slapshot by Shayne Gostisbehere.
19:50 of 3rd period - Stopped by Filip Gustavsson without a rebound.
19:51 of 3rd period - Marco Rossi wins face-off versus Drake Batherson in Oilers zone.
Goals for this period are 0 for Nordiques vs 2 for Oilers.
Shots for this period are 13 for Nordiques vs 7 for Oilers.